 Dungeon Crawl Stone Soup version 0.28.0-1-gb440e238dd (webtiles) character file.

Game seed: 3513295311126674426

22 Ablot the Grasshopper (level 2, -2/26 HPs)
             Began as a Gnoll Warper on Feb 26, 2022.
             Slain by Natasha (5 damage)
             ... on level 2 of the Dungeon.
             The game lasted 00:01:04 (1143 turns).

Ablot the Grasshopper (Gnoll Warper)                Turns: 1143, Time: 00:01:04

Health: -2/26      AC:  3    Str: 10    XL:     2   Next: 91%
Magic:  7/7        EV: 12    Int: 12    God:
Gold:   91         SH:  0    Dex: 11    Spells: 8/10 levels left

rFire   . . .      SeeInvis .   a - +0 spear
rCold   . . .      Faith    .   (no shield)
rNeg    . . .      Spirit   .   b - +0 leather armour
rPois   .          Reflect  .   (no helmet)
rElec   .          Harm     .   (no cloak)
rCorr   .          Rampage  .   (no gloves)
Will    .....                   (no boots)
Stlth   +.........              (no amulet)
HPRegen 0.08/turn               (no ring)
MPRegen 0.10/turn               (no ring)

@: slowed, very slow
A: fangs 1, strong nose, distributed training
a: no special abilities


You were on level 2 of the Dungeon.
You visited 1 branch of the dungeon, and saw 2 of its levels.

You collected 91 gold pieces.

Inventory:

Hand Weapons
 a - a +0 spear (weapon)
Missiles
 d - 5 boomerangs of dispersal (quivered)
 e - 72 stones
Armour
 b - a +0 leather armour (worn)
Magical Staves
 i - a staff of cold
Scrolls
 c - a scroll of blinking
 f - a scroll of enchant weapon {unknown}
 h - a scroll of immolation {unknown}
 l - a scroll of vulnerability {unknown}
Potions
 g - a potion of flight {unknown}
 j - a potion of curing {unknown}
 k - a potion of berserk rage {unknown}


   Skills:
 + Level 4.5 Fighting
 + Level 0.5 Short Blades
 + Level 0.5 Long Blades
 + Level 0.5 Axes
 + Level 0.5 Maces & Flails
 + Level 4.5 Polearms
 + Level 0.5 Staves
 + Level 0.5 Slings
 + Level 0.5 Bows
 + Level 0.5 Crossbows
 + Level 2.5 Throwing
 + Level 2.5 Armour
 + Level 4.5 Dodging
 + Level 0.5 Stealth
 + Level 0.5 Shields
 + Level 0.5 Unarmed Combat
 + Level 4.9 Spellcasting
 + Level 0.4 Conjurations
 + Level 0.4 Hexes
 + Level 0.4 Summonings
 + Level 0.4 Necromancy
 + Level 5.4 Translocations
 + Level 0.4 Transmutations
 + Level 0.4 Fire Magic
 + Level 0.4 Ice Magic
 + Level 0.4 Air Magic
 + Level 0.4 Earth Magic
 + Level 0.4 Poison Magic
 + Level 0.7 Invocations
 + Level 0.5 Evocations


You had 8 spell levels left.
You knew the following spells:

 Your Spells              Type           Power      Damage    Failure   Level
a - Blink                 Tloc           30%        N/A       4%          2

Your spell library contained the following spells:

 Spells                   Type           Power      Damage    Failure   Level
 Gell's Gravitas          Tloc           15%        N/A       9%          3
 Lesser Beckoning         Tloc           15%        N/A       9%          3
 Teleport Other           Tloc           15%        N/A       9%          3
 Magic Dart               Conj           12%        1d3       22%         1
 Call Imp                 Summ           3%         N/A       34%         2
 Mephitic Cloud           Conj/Pois/Air  3%         N/A       56%         3
 Manifold Assault         Tloc           15%        N/A       63%         5


Dungeon Overview and Level Annotations

Branches:
Dungeon (2/15)

Altars:

Annotations:
D:2 Natasha


Innate Abilities, Weirdness & Mutations

You have very sharp teeth.
Your uncanny sense of smell can sniff out nearby items.
Your experience applies equally to all skills.


Message History

You hit Natasha.
Natasha is moderately wounded.
Natasha claws you.
You hit Natasha. Your punch misses Natasha.
Natasha is heavily wounded.
You closely miss Natasha.
Natasha is heavily wounded.
Natasha mumbles some strange words.
You barely miss Natasha. You bite Natasha, but do no damage.
Natasha is heavily wounded.
Natasha barely misses you.
You hit Natasha but do no damage. You punch Natasha.
Natasha is heavily wounded.
The shadow imp hits you.
Natasha stares at you and mumbles some strange words.
The magic dart hits you.
You barely miss Natasha.
Natasha is heavily wounded.
The shadow imp closely misses you. Natasha claws you.
You closely miss Natasha.
Natasha is heavily wounded.
The shadow imp misses you. Natasha closely misses you.
You hit Natasha but do no damage. Your punch misses Natasha.
Natasha is heavily wounded.
The shadow imp closely misses you. Natasha claws you.
Unknown command.
You barely miss Natasha. You bite Natasha, but do no damage.
Natasha is heavily wounded.
The shadow imp gestures at you. Pain shoots through your body!
* * * LOW HITPOINT WARNING * * *
Natasha stares at you and mumbles some strange words.
You feel yourself slow down.
Unknown command.
You hit Natasha.
Natasha is severely wounded.
The shadow imp hits you.
* * * LOW HITPOINT WARNING * * *
Natasha claws you.
You die...

#....#.# ##.....## ###
#.#..#.# ##.......## #
#......###.........####
#.......'.........+...
##..>####.........####
###..### ##.......## #
#......# ##.....##
#.#.##.# ##...##
♣♣♣♣##@# ##'## ♣5h# #.#
....# #♣# ♣♣♣..# #..#
.... .... .....


You could see Natasha and a shadow imp (summoned).

Vanquished Creatures
  A giant cockroach (D:1)
  6 goblins
  2 hobgoblins (D:1)
  2 ball pythons (D:2)
  3 bats
  5 kobolds (D:1)
  2 rats (D:1)
21 creatures vanquished.

Notes
Turn   | Place    | Note
-------+----------+-------------------------------------------
     0 | D:1      | Ablot the Gnoll Warper began the quest for the Orb.
     0 | D:1      | Reached XP level 1. HP: 20/20 MP: 6/6
   228 | D:1      | Reached XP level 2. HP: 26/26 MP: 7/7
   231 | D:1      | Learned a level 2 spell: Blink
   285 | D:1      | Found a faded altar of an unknown god.
  1131 | D:2      | Noticed Natasha
  1143 | D:2      | Slain by Natasha

Illustrated notes

Levels and vault maps discovered:
D:1:      scummos_arrival_hexagon, layout_basic, ebering_ecumenical_altar_mist,
          minmay_misc_feat_tiny
D:2:      layout_loops_corners, serial_forest, infiniplex_forest_fountain,
          infiniplex_forest_clump_cross, infiniplex_forest_straight_2,
          infiniplex_forest_end_1, infiniplex_forest_lined_2,
          infiniplex_forest_lined_room_2, infiniplex_forest_end_1,
          roderic_malta_cross, amcnicky_mini_rare_corridor_liquid, uniq_natasha

Action                   || total
-------------------------++-------
Melee: Spear             ||    89
       Bite              ||    10
       Punch             ||     1
Armor: Leather armour    ||    13
Dodge: Dodged            ||    35
